 Seeded DCSS version 0.30-a0-534-gdc55766716 (webtiles) character file.

Game seed: 15565266575585844804 (custom seed)

1538 innerfire433 the Covered (level 8, -5/84 HPs)
             Began as a Demonspawn Monk on Dec 24, 2022.
             Was a Priest of Hepliaklqana.
             Slain by an iguana (7 damage)
             ... on level 6 of the Dungeon.
             The game lasted 00:09:21 (4192 turns).

innerfire433 the Covered (Demonspawn Monk)          Turns: 4192, Time: 00:09:22

Health: -5/84      AC: 24    Str: 12 (14) XL:     8   Next: 56%
Magic:  8/8        EV:  2    Int: 16 (18) God:    Hepliaklqana [***...]
Gold:   268        SH:  7    Dex: 12 (15) Spells: 7/7 levels left

rFire   . . .      SeeInvis .    B - +3 dagger (venom)
rCold   . . .      Faith    .    D - +0 kite shield
rNeg    . . .      Spirit   .    (body armour currently unavailable)
rPois   +          Reflect  .    (helmet currently unavailable)
rElec   .          Harm     .    (cloak currently unavailable)
rCorr   .          Rampage  .    (gloves currently unavailable)
Will    .....      NoTele   +    (boots currently unavailable)
Stlth   ++                       (no amulet)
HPRegen 0.34/turn                i - +6 ring of intelligence
MPRegen 0.22/turn                p - ring of poison resistance

@: mighty, brilliant, tree-form, hasted (expiring), very quick
A: stationary, stasis, torment immunity, boosted hp, reduced essence, (molten
scales 1), magic regeneration, (demonic touch 1)
a: Renounce Religion, Recall Ancestor, Ancestor Identity, Transference


You were on level 6 of the Dungeon.
You worshipped Hepliaklqana.
Hepliaklqana was most pleased with you.
You were a tree.
You visited 1 branch of the dungeon, and saw 6 of its levels.
You also visited: Sewer.

You collected 268 gold pieces.

Inventory:

Hand Weapons
 a - a +0 short sword
 w - a +0 dagger of speed
 B - a +3 dagger of venom (weapon)
Armour
 b - a +0 robe
 g - a +0 pair of boots (melded)
 l - a +0 plate armour (melded)
 z - a +0 helmet (melded)
 D - a +0 kite shield (worn)
Jewellery
 i - a +6 ring of intelligence (left branch)
 p - a ring of poison resistance (right branch)
Scrolls
 e - 5 scrolls of identify {unknown}
 h - 8 scrolls of amnesia {unknown}
 m - a scroll of vulnerability {unknown}
 n - 2 scrolls of teleportation {unknown}
 o - a scroll of silence {unknown}
 r - 5 scrolls of fog {unknown}
 s - a scroll of enchant armour {unknown}
 t - 2 scrolls of magic mapping {unknown}
 x - 5 scrolls of blinking {unknown}
Potions
 d - a potion of flight {unknown}
 j - a potion of curing
 u - a potion of haste


   Skills:
 + Level 5.5 Fighting
 + Level 5.0 Short Blades
 * Level 6.0 Armour
 + Level 5.0 Dodging
 - Level 1.8 Stealth
 + Level 1.5 Shields


You had 7 spell levels left.
You didn't know any spells.
Your spell library contained the following spells:

 Spells                   Type           Power      Damage    Failure   Level
 Dazzling Flash           Conj/Hex       0%         N/A       94%         3
 Tukima's Dance           Hex            0%         N/A       94%         3
 Ice Form                 Ice/Tmut       0%         N/A       100%        4


Dungeon Overview and Level Annotations

Branches:
Dungeon (6/15)              Sewer (visited)
 Temple: D:4-7

Altars:
Hepliaklqana
Wu Jian

Shops:
D:4 :

Annotations:
D:3 2 transporters


Innate Abilities, Weirdness & Mutations

You are a tree.
Your roots penetrate the ground, keeping you stationary.
You cannot be teleported.
You are immune to unholy pain and torment.
Your maximum health is greatly increased.
Your equipment is partially melded.
Your life essence is reduced to manifest your ancestor. (-10% HP)
((You are partially covered in molten scales. (AC +2)))
You regenerate magic rapidly.
((Your touch may inflict minor irresistible damage on your foes.))


Message History

You kill the orc!
The iguana bites you.
* * * LOW HITPOINT WARNING * * *
The gnoll hits you but does no damage.
The gnoll hits you from afar with a +0 halberd.
* * * LOW HITPOINT WARNING * * *
It was a potion of degeneration.
There was something very wrong with that liquid.
You feel weakened.
You feel dopey.
You feel clumsy. The orc hits you but does no damage.
The gnoll hits you from afar with a +0 spear.
* * * LOW HITPOINT WARNING * * *
The gnoll hits you but does no damage.
The iguana bites you but does no damage.
It was a potion of curing.
You feel better.
You feel less invigorated.
It was a potion of might.
You feel very mighty all of a sudden. The iguana bites you!
* * * LOW HITPOINT WARNING * * *
The gnoll hits you but does no damage.
The gnoll hits you from afar with a +0 spear.
* * * LOW HITPOINT WARNING * * *
You feel better.
Your extra speed is starting to run out.
You block the orc's attack.
The gnoll hits you from afar with a +0 spear.
* * * LOW HITPOINT WARNING * * *
The gnoll hits you but does no damage.
The iguana bites you but does no damage.
You puncture the orc!
You kill the orc!
You hit the orc.
The orc is poisoned.
The orc is heavily wounded.
You block the orc's attack.
The gnoll hits you from afar with a +0 spear.
* * * LOW HITPOINT WARNING * * *
The gnoll hits you from afar with a +0 halberd.
* * * LOW HITPOINT WARNING * * *
The iguana bites you!
You die...

#####.#######..# #.#
####..#
####.####>##..#
#...>...R#.#..####
#.##.##.###......# #
#.##..#.#g#.#.#
..##.#.##.#g# #
#####.#.##g#o#.#####
... .#..♣).....# ..#
#####l.###.# ### ..#
..# ..# ..# ..# ..#
##########


You could see an iguana, 2 gnolls and an orc (very poisoned).

Vanquished Creatures
  An orc warrior (D:6)
  A black bear (D:6)
  An ice beast (D:6)
  3 phantoms
  A necrophage (D:5)
  2 scorpions
  2 hounds
  An iguana (D:5)
  2 orc wizards (D:6)
  3 adders
  A river rat (D:5)
  A shadow imp (D:5)
  A worm (D:2)
  13 orcs
  7 bats
  5 endoplasms
  5 giant cockroaches
  6 goblins
  7 hobgoblins
  7 jackals
  A quokka (D:3)
  7 ball pythons
  2 frilled lizards
  8 kobolds
  7 rats
95 creatures vanquished.

Vanquished Creatures (collateral kills)
  Pargi (Sewer)
  2 phantoms (D:6)
  A necrophage (D:5)
  A hound (D:5)
  A jelly (D:5)
  A gnoll bouda (D:6)
  2 iguanas
  4 orc wizards
  A gnoll (D:6)
  An adder (D:5)
  An ufetubus (D:6)
  2 dart slugs
  2 orcs (D:5)
  A jackal (D:4)
  2 ball pythons (D:5)
  A bat (Sewer)
  A kobold (Sewer)
25 creatures vanquished.

Vanquished Creatures (others)
  A knight (D:6)
  2 demonic plants (D:2)
  A plant (D:5)
4 creatures vanquished.

Grand Total: 124 creatures vanquished

Notes
Turn   | Place    | Note
-------+----------+-------------------------------------------
     0 | D:1      | innerfire433 the Demonspawn Monk began the quest for the
                  | Orb.
     0 | D:1      | Reached XP level 1. HP: 18/18 MP: 1/1
   191 | D:1      | Gained mutation: Your touch may inflict minor irresistible
                  | damage on your foes. [demonic ancestry]
   191 | D:1      | Reached XP level 2. HP: 22/24 MP: 2/2
   410 | D:1      | Reached skill level 1 in Armour
   520 | D:1      | Got Tekker's Commentary on Moulding and Hexing
   788 | D:2      | Reached XP level 3. HP: 29/29 MP: 3/3
   899 | D:2      | Found a faded altar of an unknown god.
   899 | D:2      | Noticed a hellion
  1528 | D:3      | Found a transporter.
  1532 | D:3      | Found a transporter.
  1811 | D:4      | Reached skill level 2 in Armour
  1891 | D:4      | Found a hazy altar of Hepliaklqana.
  1896 | D:4      | Became a worshipper of Hepliaklqana the Forgotten
  1896 | D:4      | Reached * piety under Hepliaklqana
  1896 | D:4      | Reached ** piety under Hepliaklqana
  1897 | D:4      | Remembered your ancestor Nhalahla as a knight
  2006 | D:4      | Gained mutation: You are partially covered in molten
                  | scales. (AC +2) [demonic ancestry]
  2006 | D:4      | Reached XP level 4. HP: 31/31 MP: 4/4
  2015 | D:4      | Found an ornate altar of the Wu Jian Council.
  2075 | D:4      | Found Upsamnoa's Book Boutique.
  2078 | D:4      | Noticed a phantom
  2090 | D:4      | Killed a phantom
  2091 | D:4      | Gained mutation: You regenerate magic rapidly. [demonic
                  | ancestry]
  2091 | D:4      | Reached XP level 5. HP: 37/37 MP: 5/5
  2236 | D:4      | Reached skill level 3 in Armour
  2616 | D:4      | Reached XP level 6. HP: 38/43 MP: 6/6
  2732 | D:5      | Entered Level 5 of the Dungeon
  2807 | D:5      | Found a glowing drain.
  2839 | Sewer    | Entered a sewer
  2977 | Sewer    | Noticed Pargi
  2986 | Sewer    | Killed Pargi
  2987 | Sewer    | Reached skill level 4 in Armour
  3130 | D:5      | You fall into a shaft and drop 1 floor!
  3149 | D:6      | Reached XP level 7. HP: 46/49 MP: 7/7
  3844 | D:5      | Reached *** piety under Hepliaklqana
  3847 | D:5      | Reached skill level 5 in Armour
  4004 | D:6      | Reached skill level 5 in Fighting
  4015 | D:6      | Reached XP level 8. HP: 47/55 MP: 8/8
  4142 | D:6      | Identified a scroll of acquirement
  4142 | D:6      | Acquired 351 gold pieces
  4156 | D:6      | Reached skill level 1 in Shields
  4184 | D:6      | Reached skill level 5 in Short Blades
  4184 | D:6      | Reached skill level 6 in Armour
  4184 | D:6      | Reached skill level 5 in Dodging
  4184 | D:6      | HP: 2/84 [iguana (7)]
  4192 | D:6      | HP: 2/84 [gnoll/+0 halberd[a gnoll bouda] (5)]
  4192 | D:6      | Slain by an iguana

Illustrated notes

Levels and vault maps discovered:
D:1:      eino_arrival_druids_welcome, layout_loops_ring
D:2:      layout_rooms, dreamdust_ecumenical_altar_sealed_demon,
          minmay_split_cup_large
D:3:      gammafunk_steamed_eel, layout_rooms, chequers_serial_rivers_room_b,
          chequers_jeans
D:4:      layout_cave_pods, nicolae_wu_jian_wuxing_cycle, kennysheep_little_box,
          serial_shops, shop
D:5:      kennysheep_six_static_rooms, layout_gridville, portal_sewer_entry_e,
          serial_bayou_lake_a
D:6:      layout_loops_ring, chequers_temple_overflow_statue_of_worship,
          gammafunk_ghost_abyssal_escape

Skill      XL: |  1  2  3  4  5  6  7  8 |
---------------+-------------------------+-----
Armour         | 1 2 3 4 5 6 |  6.0
Short Blades   | 3 4 5 |  5.0
Dodging        | 3 4 5 |  5.0
Fighting       | 4 5 |  5.5
Shields        | 1 |  1.5
Stealth        | |  1.8

Action                   |  1- 3 |  4- 6 |  7- 9 || total
-------------------------+-------+-------+-------++-------
Melee: Short sword       |   142 |    33 |       ||   175
       Touch             |    25 |    24 |    12 ||    61
       Punch             |     1 |     2 |     3 ||     6
       Dagger            |       |   105 |   165 ||   270
Invok: Ancestor Life: Kn |     1 |       |       ||     1
  Use: Potion            |       |       |    12 ||    12
       Scroll            |       |       |     3 ||     3
 Stab: Distracted        |     1 |       |     1 ||     2
Armor: Robe              |    17 |       |       ||    17
       Plate armour      |    51 |    79 |    76 ||   206
       Skin              |       |       |   101 ||   101
Dodge: Dodged            |    46 |    24 |    31 ||   101
Block: Kite shield       |       |       |    48 ||    48

Table legend: (Time is in decaauts)
 A = Elapsed time spent in this place.
 B = Non-inter-level travel time spent in this place.
 C = Inter-level travel time spent in this place.
 D = Time resting spent in this place.
 E = Time spent auto-exploring this place.
 F = Levels seen in this place.
 G = Mean time per level.
                   A        B        C        D        E       F      G
               +--------+--------+--------+--------+--------+-----+--------+
         Total |   4100 |   3991 |    109 |      0 |   3128 |   7 |  585.7 |
       Dungeon |   3844 |   3735 |    109 |      0 |   2926 |   6 |  640.7 |
         Sewer |    255 |    255 |      0 |      0 |    202 |   1 |  255.0 |
               +--------+--------+--------+--------+--------+-----+--------+

Top non-repeatable levels by time:
     D:5: 940 daAuts
     D:4: 937 daAuts
     D:1: 773 daAuts
     D:2: 561 daAuts
     D:3: 415 daAuts
   Sewer: 255 daAuts
     D:6: 215 daAuts
